AoeStats
← JhoelAgeX

Arabia

510026031Analyzed
1v1 RM · 2d ago on Sep 29, 2026· 34m 13s· 2 players
Game mode
Random Map
Map size
Tiny (2 player)
Population
200
Speed
Normal
Resources
Standard
Victory
Conquest
Starting age
Dark Age
Ending age
Imperial Age
RankedLock teamsTeams togetherTeam positionsShared explorationLock speedFull tech treeHidden civsTurbo modeCheats
Victory
Defeat
🇵🇪 Magyars · Peru
1218
+19
🇨🇳 Burgundians · China
1284
-19
JhoelAgeX
6:16 Loom
9:30 Feudal Age
16:17 Horse Collar
16:25 Double-Bit Axe
22:39 Fletching
23:37 Wheelbarrow
24:12 Padded Archer Armor
28:46 Castle Age
27:22 Scale Barding Armor
28:08 Bloodlines
29:47 Chain Barding Armor
30:09 Crossbowman
34:27 Bodkin Arrow
KenChan
6:28 Loom
9:18 Feudal Age
8:48 Double-Bit Axe
17:21 Fletching
18:32 Padded Archer Armor
22:38 Castle Age
21:35 Scale Barding Armor
22:09 Forging
22:45 Crossbowman
30:56 Cavalier
Connection lost

Rejoining the realm…

Still unreachable

The connection could not be restored.

Session expired

The server has moved on; the page needs a fresh start.